 Dungeon Crawl Stone Soup version 0.28.0 (webtiles) character file.

Game seed: 7481805154913913531

2 Akaron the Sneak (level 1, 0/11 HPs)
             Began as an Octopode Enchanter on Feb 13, 2022.
             Slain by a bat (1 damage)
             ... on level 1 of the Dungeon.
             The game lasted 00:00:10 (79 turns).

Akaron the Sneak (Octopode Enchanter)                 Turns: 79, Time: 00:00:11

Health: 0/11       AC:  1    Str:  7    XL:     1   Next: 40%
Magic:  3/3        EV: 13    Int: 17    God:
Gold:   0          SH:  0    Dex: 12    Spells: 4/4 levels left

rFire   . . .      SeeInvis .   a - +1 dagger
rCold   . . .      Faith    .   (no shield)
rNeg    . . .      Spirit   .   (helmet restricted)
rPois   .          Reflect  .   (no amulet)
rElec   .          Harm     .   (no ring)
rCorr   .          Rampage  .   (no ring)
Will    .....                   (no ring)
Stlth   ++++......              (no ring)
HPRegen 0.03/turn               (no ring)
MPRegen 0.08/turn               (no ring)
                                (no ring)
                                (no ring)

@: no status effects
A: almost no armour, amphibious, 8 rings, camouflage 1, gelatinous body 1,
(nimble swimmer 1), tentacles
a: no special abilities


You were on level 1 of the Dungeon.
You visited 1 branch of the dungeon, and saw 1 of its levels.

Inventory:

Hand Weapons
 a - a +1 dagger (weapon)
Potions
 b - a potion of invisibility


   Skills:
 + Level 1.0 Short Blades
 + Level 2.0 Dodging
 + Level 4.3 Stealth
 + Level 2.0 Spellcasting
 + Level 3.0 Hexes


You had 4 spell levels left.
You didn't know any spells.
Your spell library contained the following spells:

 Spells                   Type           Power      Damage    Failure   Level
 Ensorcelled Hibernation  Hex/Ice        12%        N/A       16%         2
 Confusing Touch          Hex            11%        N/A       17%         3
 Tukima's Dance           Hex            11%        N/A       17%         3
 Dazzling Flash           Conj/Hex       12%        N/A       30%         3


Dungeon Overview and Level Annotations

Branches:
Dungeon (1/15)

Altars:


Innate Abilities, Weirdness & Mutations

You cannot wear most types of armour.
You are amphibious.
You can wear up to eight rings at the same time.
Your skin changes colour to match your surroundings (Stealth+).
Your rubbery body absorbs attacks. (AC +1, EV +1)
((You are camouflaged when in or above water. (Stealth+)))
You have tentacles for arms and can constrict up to eight enemies at once.


Message History

Found 13 gold pieces.
Found a stone staircase leading down.
The bat hits you but does no damage. The bat hits you.
The hobgoblin shouts!
You hit the hobgoblin but do no damage. You grab the hobgoblin.
You constrict the hobgoblin. The bat hits you but does no damage.
The hobgoblin hits you.
An endoplasm comes into view.
The bat hits you.
You are too injured to fight recklessly!
You are too injured to fight recklessly!
You hit the hobgoblin but do no damage.
The hobgoblin is lightly wounded.
You constrict the hobgoblin. The bat closely misses you.
The hobgoblin hits you.
You hit the hobgoblin.
The hobgoblin is severely wounded.
You constrict the hobgoblin. The hobgoblin closely misses you.
You hit the hobgoblin but do no damage. You squeeze the hobgoblin.
You kill the hobgoblin!
The bat barely misses you. The bat closely misses you. The bat misses you.
The bat closely misses you.
You hit the endoplasm.
The endoplasm is heavily wounded.
The bat closely misses you. The endoplasm barely misses you.
You hit the endoplasm but do no damage. You squeeze the endoplasm.
The endoplasm is almost dead.
The bat barely misses you. The bat closely misses you.
The endoplasm freezes you.
You are frozen.
* * * LOW HITPOINT WARNING * * *
You hit the endoplasm.
You kill the endoplasm!
The bat hits you but does no damage.
You hit the bat but do no damage. Your grab misses the bat.
The bat closely misses you. The bat hits you.
You die...

##.# .....## #..#
......# ##.##
#####.....# #..#
#......... ##.##
....... #. #..# ....
#.##.##
#######b####..# #.##.#
........@†.$.># #.##.#
#######.#######.#.##.#
#.# #.#.#..# #.#
#.#.#.## #.# #.#...#
#.# #.#..## #.# #.#..#
#.# #.#.## #.# #...#


You could see a bat.

Vanquished Creatures
  An endoplasm (D:1)
  A hobgoblin (D:1)
2 creatures vanquished.

Notes
Turn   | Place    | Note
-------+----------+-------------------------------------------
     0 | D:1      | Akaron the Octopode Enchanter began the quest for the Orb.
     0 | D:1      | Reached XP level 1. HP: 11/11 MP: 3/3
    79 | D:1      | Slain by a bat

Illustrated notes

Levels and vault maps discovered:
D:1:      lightli_arrival_maybe_door_vault, layout_basic,
          shapermc_ecumenical_altar_rom_forum

Action                   || total
-------------------------++-------
Melee: Dagger            ||     9
       Constrict         ||     2
       Tentacles         ||     2
Armor: Skin              ||     3
Dodge: Dodged            ||    15
